 Dungeon Crawl Stone Soup version 0.23.2-1-ga50397a (webtiles) character file.

Game seed: 719322468994600192

454106 RibbitCroak the Tortoise (level 23, -3/213 HPs)
             Began as a Demonspawn Venom Mage on May 26, 2019.
             Was the Champion of Hepliaklqana.
             Killed from afar by a storm dragon (25 damage)
             ... with a bolt of lightning
             ... on level 5 of the Depths on May 27, 2019.
             The game lasted 06:11:15 (79387 turns).

RibbitCroak the Tortoise (Demonspawn Venom Mage)   Turns: 79387, Time: 06:11:15

Health: -3/213     AC: 28    Str: 23    XL:     23   Next: 24%
Magic:  0/39       EV: 11    Int: 21    God:    Hepliaklqana [******]
Gold:   2449       SH: 24    Dex: 12    Spells: 3/46 levels left

rFire    + . .     SeeInvis .   a - +4 demon trident (flame)
rCold    + . .     Gourm    .   v - +2 shield
rNeg     . . .     Faith    .   k - +3 scale mail {rC+}
rPois    .         Spirit   +   (helmet restricted)
rElec    .         Reflect  +   V - +2 cloak {MR+}
rCorr    +         Harm     .   K - +2 pair of gloves {archery}
MR       +++..                  (boots unavailable)
Stlth    ..........             D - brooch of Shielding {Reflect SH+8}
HPRegen  1.45/turn              m - ring of Curiosity {MR+ Int+3 Dex-4 Slay+2}
MPRegen  0.52/turn              h - +3 ring of protection

@: regenerating, studying Dodging
A: reduced essence, antennae 1, claws 1, talons 3, yellow scales 3, agile 1,
blink, clever 1, fire resistance 1, ignite blood, sense surroundings 1, robust
3, strong 2, evolution 2, magic shield, magic regeneration, flame cloud immunity
}: 2/15 runes: serpentine, barnacled
a: Blink, Recall Ancestor, Ancestor Identity, Transference, Idealise, Renounce
Religion


You were on level 5 of the Depths.
You worshipped Hepliaklqana.
Hepliaklqana was exalted by your worship.
You were not hungry.

You visited 8 branches of the dungeon, and saw 41 of its levels.
You visited the Abyss 1 time.
You also visited: Volcano and Wizlab.

You collected 5364 gold pieces.
You spent 2915 gold pieces at shops.

Inventory:

Hand Weapons
 a - a +4 demon trident of flaming (weapon)
 b - the +3 sling "Punk" {acid, rCorr}
   (You found it on level 2 of the Depths)

   It provides partial protection from all sources of acid and corrosion.
 S - a +8 trident of venom
Missiles
 f - 421 sling bullets
 X - 8 throwing nets (quivered)
Armour
 k - a +3 scale mail of cold resistance (worn)
 v - a +2 shield (worn)
 E - a +2 cloak of fire resistance
 J - the +2 pair of gloves of Marbles {MR+}
   (You found it on level 9 of the Dungeon)

   It affects your resistance to hostile enchantments.
 K - a +2 pair of gloves of archery (worn)
 P - the +10 plate armour of Life {MP+9}
   (You found it on level 15 of the Dungeon)

   It affects your magic capacity (+9).
 V - a +2 cloak of magic resistance (worn)
Magical Staves
 x - an uncursed staff of wizardry
Jewellery
 h - a +3 ring of protection (right hand)
 m - the ring of Curiosity (left hand) {MR+ Int+3 Dex-4 Slay+2}
   (You found it on level 3 of the Depths)

   [ring of intelligence]

   It affects your intelligence (+3).
   It affects your dexterity (-4).
   It affects your accuracy and damage with ranged weapons and melee attacks
   (+2).
   It affects your resistance to hostile enchantments.
 n - an uncursed ring of protection from magic
 t - an uncursed ring of ice
 A - an uncursed ring of stealth
 D - the brooch of Shielding (around neck) {Reflect SH+8}
   (You bought it in a shop on level 14 of the Dungeon)

   [amulet of reflection]

   It shields you and reflects attacks.
   It affects your SH (+8).
 I - an uncursed ring of poison resistance
Wands
 z - a wand of digging (19)
 G - a wand of acid (19)
 T - a wand of paralysis (13)
 Y - a wand of iceblast (11)
Scrolls
 d - 8 scrolls of fog
 e - 10 scrolls of remove curse
 l - 9 scrolls of fear
 p - 5 scrolls of magic mapping
 q - 5 scrolls of teleportation
 C - 5 scrolls of blinking
 H - a scroll of identify
 W - a scroll of summoning
Potions
 g - 7 potions of heal wounds
 i - 2 potions of cancellation
 j - a potion of flight
 o - 5 potions of resistance
 r - 8 potions of brilliance
 u - 5 potions of agility
 w - a potion of magic
 F - 13 potions of curing
 M - a potion of might
 R - 4 potions of lignification
 Z - a potion of haste
Books
 y - a manual of Dodging
Miscellaneous
 s - a lightning rod (4/4)
 B - 3 boxes of beasts
 O - a phantom mirror
 U - a lamp of fire
Comestibles
 c - 57 rations
 L - 6 chunks of flesh


   Skills:
 + Level 14.2 Fighting
   Level 2.0 Short Blades
 - Level 14.0 Polearms
 - Level 8.0 Slings
 + Level 18.2 Armour
 + Level 2.1 Dodging
 - Level 1.7 Stealth
 - Level 15.0 Shields
 - Level 12.0 Spellcasting
 - Level 8.0 Conjurations
 - Level 4.3 Hexes
 - Level 4.0 Charms
 * Level 11.1 Necromancy
 - Level 3.0 Transmutations
 - Level 8.5 Air Magic
 * Level 8.3 Earth Magic
 - Level 9.1 Poison Magic
 - Level 9.0 Invocations
 - Level 0.1 Evocations


You had 3 spell levels left.
You knew the following spells:

 Your Spells              Type           Power        Failure   Level  Hunger
a - Passwall              Tmut/Erth      #####...     1%          2    None
b - Poisonous Vapours     Pois/Air       #####.       1%          2    None
c - Mephitic Cloud        Conj/Pois/Air  #####...     1%          3    None
d - Olgreb's Toxic Radia  Pois           ######..     2%          4    None
e - Stone Arrow           Conj/Erth      #####.       1%          3    None
f - Vampiric Draining     Necr           ######....   1%          3    None
g - Confusing Touch       Hex            ####..       1%          1    None
i - Fulminant Prism       Conj/Hex       #####.....   8%          4    None
j - Apportation           Tloc           ##....       10%         1    None
k - Regeneration          Chrm/Necr      #####.....   1%          3    None
l - Animate Dead          Necr           N/A          1%          4    None
m - Swiftness             Chrm/Air       #####...     1%          2    None
n - Borgnjor's Vile Clut  Necr/Erth      ######....   4%          5    ####...
o - Statue Form           Tmut/Erth      #####....    80%         6    #####..

Your spell library contained the following spells:

 Spells                   Type           Power        Failure   Level  Hunger
 Animate Skeleton         Necr           N/A          1%          1    None
 Corona                   Hex            ####...      1%          1    None
 Magic Dart               Conj           ####         1%          1    None
 Pain                     Necr           ####         1%          1    None
 Sandblast                Erth           #####.       1%          1    None
 Sting                    Conj/Pois      ####         1%          1    None
 Corpse Rot               Necr           N/A          1%          2    None
 Searing Ray              Conj           #####.       1%          2    None
 Static Discharge         Conj/Air       #####...     1%          3    None
 Slow                     Hex            ####....     2%          2    None
 Throw Frost              Conj/Ice       ####..       2%          2    None
 Dazzling Spray           Conj/Hex       #####.       2%          3    None
 Sticks to Snakes         Tmut           ####....     4%          2    None
 Ensorcelled Hibernation  Hex/Ice        ###...       6%          2    None
 Freeze                   Ice            ##..         10%         1    None
 Summon Small Mammal      Summ           ##..         10%         1    None
 Inner Flame              Hex/Fire       ###.....     12%         3    None
 Ozocubu's Armour         Chrm/Ice       ###.....     12%         3    None
 Portal Projectile        Hex/Tloc       ###...       12%         3    None
 Gell's Gravitas          Tloc           ##........   28%         3    None
 Iskenderun's Mystic Bla  Conj           #####...     3%          4    None
 Leda's Liquefaction      Hex/Erth       #####.....   7%          4    None
 Venom Bolt               Conj/Pois      #####.....   8%          5    ####...
 Petrify                  Tmut/Erth      #####...     9%          4    None
 Lee's Rapid Deconstruct  Erth           #####.....   9%          5    ####...
 Lightning Bolt           Conj/Air       #####.....   9%          5    ####...
 Cause Fear               Hex            ####......   16%         4    None
 Force Lance              Conj/Tloc      ####....     19%         4    None
 Throw Icicle             Conj/Ice       ####....     19%         4    None
 Silence                  Hex/Air        #####.....   19%         5    ####...
 Alistair's Intoxication  Tmut/Pois      #####...     22%         5    ####...
 Iskenderun's Battlesphe  Conj/Chrm      #####...     22%         5    ####...
 Bolt of Magma            Conj/Fire/Erth #####.....   28%         5    ####...
 Iron Shot                Conj/Erth      #####.....   45%         6    #####..
 Yara's Violent Unravell  Hex/Tmut       ####......   52%         5    ####...
 Passage of Golubria      Tloc           N/A          67%         4    None
 Summon Ice Beast         Ice/Summ       ##......     67%         4    None
 Deflect Missiles         Chrm/Air       #####.....   73%         6    #####..
 Darkness                 Hex            ####......   94%         6    #####..
 Invisibility             Hex            ####....     94%         6    #####..
 Summon Forest            Summ/Tloc      ##........   95%         5    ####...
 Orb of Destruction       Conj           #####.....   96%         7    #######
 Hydra Form               Tmut           ####......   99%         6    #####..
 Dispersal                Tloc           ##........   100%        6    #####..
 Shadow Creatures         Summ           N/A          100%        6    #####..
 Spellforged Servitor     Conj/Summ      ####......   100%        7    #######
 Summon Hydra             Summ           ##........   100%        7    #######
 Controlled Blink         Tloc           N/A          100%        8    #######
 Discord                  Hex            ####......   100%        8    #######
 Disjunction              Tloc           ##........   100%        8    #######
 Ignition                 Fire           ##........   100%        8    #######
 Lehudib's Crystal Spear  Conj/Erth      #####.....   100%        8    #######
 Shatter                  Erth           #####.....   100%        9    #######
 Tornado                  Air            #####.....   100%        9    #######


Dungeon Overview and Level Annotations

Branches:
Dungeon (15/15)            Temple (0/1) D:7            Lair (6/6) D:9
 Shoals (4/4) Lair:2        Snake (4/4) Lair:2        Slime (0/5) Lair:6
    Orc (2/2) D:9             Elf (1/3) Orc:2        Vaults (4/5) D:14
  Crypt (0/3) Vaults:2     Depths (5/5) D:15
    Zot: Depths:5

Altars:
Ashenzari
Cheibriados
Dithmenos
Gozag
Hepliaklqana
Nemelex Xobeh
Qazlal
Ru
Trog
Uskayaw
Vehumet
Wu Jian
Xom

Shops:
D:4 %   D:7 !   D:14 :=*[   Orc:1 [   Orc:2 (%:?   Shoals:2 *   Shoals:3 (
Snake:1 !   Vaults:3 (   Depths:3 (

Portals:
Hell: Depths:1 Depths:2 Depths:3 Depths:4
Abyss: Depths:3 Depths:4
Pandemonium: Orc:2 Depths:2 Depths:3 Depths:4
Ziggurat: Depths:1

Annotations:
D:5 exclusion: downstairs
D:9 exclusion: downstairs
D:13 Frances
Lair:4 exclusion: downstairs
Lair:5 2 transporters, jazmu's ghost, journeyman GrSk
Shoals:2 3 runed translucent doors, exclusion: obsidian statue, Kamoq's ghost, journeyman GnMo
Shoals:3 exclusion: 2 downstairs


Innate Abilities, Weirdness & Mutations

You have claws for feet.
You are completely covered in yellow scales. (AC +4, rCorr)
Your flesh is heat resistant. (rF+)
Your demonic aura causes spilled blood to erupt in flames.
You are extremely robust. (+30% HP)
When hurt, damage is shared between your health and your magic reserves.
You regenerate magic rapidly.
You are immune to clouds of flame.
Your life essence is reduced to manifest your ancestor. (-10% HP)
You have a pair of small antennae on your head.
You have sharp fingernails.
You are agile. (Dex +2)
You can translocate small distances at will.
Your mind is acute. (Int +2)
You passively map a small area around you.
Your muscles are very strong. (Str +4)
You rapidly evolve.


Message History

You feel extremely sick.
You feel better.
Wear which item? (? for menu, Esc to quit)
Okay, then.
Casting: Borgnjor's Vile Clutch (safe; 4% risk of failure)
Confirm with . or Enter, or press ? or * to list all spells.
You feel quick.
Casting: Swiftness (safe; 1% risk of failure)
Confirm with . or Enter, or press ? or * to list all spells.
Your skin crawls.
You start to feel a little slower.
You feel sluggish.
You start to feel a little faster.
The storm dragon breathes lightning at you.
The bolt of lightning hits you!!!
* * * LOW HITPOINT WARNING * * *
You no longer feel sluggish.
The storm dragon breathes lightning at you.
The bolt of lightning hits you!!
You die...

#.# #.# #.# #^# *
############ #.# #.#
#........... #D# #.# *
#........... #.# #.#
#........... #.#
#.######.#........... #.#
#.##.....#...........
#.###.##.#####...........
#.....##@....'..........)
#....D...#####......)..[)
########## #..........[
############


You could see a storm dragon.

Vanquished Creatures
  A juggernaut (Depths:2)
  Vashnia (Snake:3)
  the Enchantress (Depths:3)
  3 liches
  A moon troll (WizLab)
  Asterion (Depths:2)
  12 tentacled starspawn
  7 sphinxes
  3 tengu reavers
  A thorn hunter (Depths:3)
  Ilsuiw (Shoals:2)
  14 nagarajas
  A draconian monk (Depths:5)
  Roxanne (D:14)
  A draconian knight (Depths:5)
  3 fire giants
  7 vault wardens
  A deep elf sorcerer (Vaults:3)
  An iron dragon (Depths:4)
  A cacodemon (Depths:4)
  5 frost giants
  Aizul (Snake:1)
  7 ironheart preservers
  Louise (Snake:3)
  5 spriggan defenders
  4 very ugly things
  20 stone giants
  2 vampire knights
  Nessos (D:13)
  A green draconian (Depths:5)
  A deep elf annihilator (Vaults:3)
  6 spark wasps
  A white draconian (Depths:5)
  4 merfolk javelineers (Shoals:4)
  8 ettins
  3 crystal guardians
  A blizzard demon (Abyss:3)
  9 merfolk impalers
  2 jiangshi
  Josephine (Orc:1)
  3 yaktaur captains
  6 great orbs of eyes
  7 fire dragons
  2 vault guards (Vaults:3)
  6 naga warriors
  9 hydras
  A hell beast (Depths:3)
  7 ice dragons
  3 merfolk avatars
  6 rakshasas
  9 two-headed ogres
  2 alligator snapping turtles
  3 catoblepae (Lair:6)
  2 spriggan air magi
  5 centaur warriors
  3 merfolk aquamancers
  3 ogre magi
  3 satyrs (Shoals:3)
  15 anacondas
  5 deep troll shamans
  A death knight (D:15)
  A tengu warrior (Depths:2)
  9 death yaks
  9 naga sharpshooters
  5 shock serpents
  A vampire mage (Depths:4)
  5 orc high priests (Orc:2)
  6 deep troll earth magi
  A sun demon (Volcano)
  5 spriggan berserkers
  2 hell knights
  2 deep elf knights
  A soul eater (Orc:2)
  A shadow wraith (Vaults:3)
  3 wretched stars
  A fire crab (Shoals:3)
  A fire crab (shapeshifter) (Vaults:4)
  4 iron trolls
  2 sixfirhies
  2 unseen horrors
  A gelid demonspawn (Orc:2)
  29 deep trolls
  2 spriggan druids (Depths:4)
  A deep elf archer (Vaults:3)
  10 sea snakes
  A glowing orange brain (shapeshifter) (Vaults:3)
  14 ironbrand convokers
  2 wizards
  A flayed ghost (Depths:1)
  An orange crystal statue (WizLab)
  2 infernal demonspawn (Orc:2)
  A wolf spider zombie (D:15)
  A spatial maelstrom (Abyss:3)
  11 glowing orange brains
  4 lindwurms (Lair:3)
  A tengu zombie (Vaults:2)
  2 naga ritualists (Snake:2)
  16 orc knights
  A sphinx zombie (Depths:3)
  11 starcursed masses (WizLab)
  3 necromancers
  5 mana vipers
  4 wolf spiders
  3 phantasmal warriors
  18 harpies
  4 human zombies
  A tengu skeleton (Vaults:3)
  21 manticores
  9 fauns
  A faun (shapeshifter) (Vaults:4)
  4 deep elf magi
  A manticore (shapeshifter) (Vaults:4)
  10 orc sorcerers
  12 cyclopes
  A shining eye (Depths:1)
  A moth of wrath (shapeshifter) (Vaults:2)
  4 salamanders
  36 ugly things
  An elephant (shapeshifter) (D:15)
  A fire giant skeleton (Depths:3)
  An apocalypse crab (Abyss:3)
  3 eyes of devastation (WizLab)
  13 vault sentinels
  A worldbinder (Abyss:3)
  11 merfolk sirens
  A smoke demon (Depths:4)
  25 black mambas
  A stone giant skeleton (Vaults:3)
  3 centaur zombies
  9 water nymphs
  11 guardian serpents
  A rust devil (Depths:4)
  2 gargoyles
  17 naga magi
  A torpor snail (Lair:6)
  5 spiny frogs
  A spriggan skeleton (Depths:2)
  19 yaktaurs
  A rime drake (Lair:6)
  2 human skeletons (Vaults:3)
  An efreet (D:15)
  3 komodo dragons
  A komodo dragon (shapeshifter) (D:15)
  A redback zombie (D:10)
  5 freezing wraiths
  A hellwing (Depths:4)
  A yaktaur skeleton (Vaults:3)
  2 ice devils
  A silent spectre (Abyss:3)
  A troll (shapeshifter) (Abyss:3)
  A red devil (Orc:2)
  4 trolls
  2 meliai (shapeshifter)
  4 wind drakes (Shoals:4)
  A sphinx simulacrum (Depths:3)
  A jumping spider (shapeshifter) (D:15)
  A harpy skeleton (D:15)
  35 merfolk
  4 dream sheep (Shoals:3)
  8 hornets
  21 blink frogs
  8 hippogriffs
  A raiju (shapeshifter) (Depths:2)
  24 slime creatures
  A dream sheep (shapeshifter) (Depths:2)
  2 snapping turtles (shapeshifter)
  14 snapping turtles
  A hippogriff (shapeshifter) (Vaults:4)
  An ettin skeleton (Vaults:2)
  2 ynoxinuls
  22 spriggans
  3 shadows
  3 basilisks
  12 water elementals
  2 wyverns
  A basilisk (shapeshifter) (Depths:1)
  A chaos spawn (Orc:2)
  A fire bat (Shoals:3)
  4 wraiths
  3 large abominations (Abyss:3)
  60 yaks
  15 humans
  3 fire elementals (Depths:2)
  A hog (shapeshifter) (Vaults:2)
  6 vampire mosquitoes
  2 neqoxecs
  2 hungry ghosts
  Edmund (D:6)
  39 nagas
  2 soldier ants
  A yaktaur simulacrum (Vaults:2)
  6 wargs
  2 acid dragons
  7 hydra simulacra (Depths:2)
  A porcupine (shapeshifter) (Abyss:3)
  A hell hound (Depths:3)
  17 water moccasins
  2 floating eyes
  5 porcupines
  32 orc warriors
  6 sky beasts
  2 black bears
  2 eyes of draining (Depths:1)
  2 phantoms
  14 wolves
  3 ice beasts
  12 ogres
  17 boggarts
  12 centaurs
  12 crocodiles
  A big kobold (D:11)
  2 wyvern zombies (D:10)
  9 bullfrogs
  A wyvern skeleton (D:10)
  3 small abominations (Abyss:3)
  2 scorpions
  2 human simulacra
  17 wights
  5 electric eels
  5 howler monkeys
  6 crimson imps
  4 centaur skeletons
  A jelly (D:10)
  2 lava snakes (Volcano)
  A quasit (Abyss:3)
  24 orc priests
  2 bullfrog skeletons
  2 bullfrog zombies
  3 hounds
  An iron imp (Depths:4)
  22 orc wizards
  14 hexers
  5 iguanas
  6 hell rats (Lair:5)
  9 worker ants
  A worker ant zombie (D:10)
  A gnoll (D:9)
  24 adders
  2 howler monkey skeletons
  9 shadow imps
  An ufetubus (Depths:4)
  2 adder skeletons
  An adder zombie (D:6)
  3 worms
  2 dart slugs
  5 leopard geckos
  87 orcs
  2 giant cockroaches
  5 goblins
  11 hobgoblins
  16 jackals
  3 quokkas
  A ball python (shapeshifter) (Vaults:2)
  A ball python (D:2)
  8 bats
  9 frilled lizards
  6 kobolds
  A leopard gecko skeleton (D:6)
  A quokka skeleton (D:5)
  5 rats
  2 butterflies (Lair:6)
  A fulminant prism (WizLab)
  2 plants
  15 starspawn tentacles (WizLab)
1555 creatures vanquished.

Vanquished Creatures (collateral kills)
  A kraken (Shoals:4)
  2 tentacled starspawn (WizLab)
  A tengu reaver (Depths:3)
  A fire giant (Vaults:4)
  2 nagarajas
  A cacodemon (WizLab)
  A vault warden (Vaults:2)
  An ironheart preserver (Vaults:3)
  A vampire knight (Depths:3)
  A spark wasp (Depths:2)
  Snorg (Lair:6)
  An ettin (Vaults:4)
  2 fire dragons (Depths:4)
  2 merfolk impalers
  A great orb of eyes (Depths:4)
  A rakshasa (Depths:3)
  4 centaur warriors
  2 anacondas
  2 hydras
  3 death knights
  A merfolk aquamancer (Shoals:4)
  7 two-headed ogres
  An ogre mage (Vaults:3)
  A deep troll shaman (Depths:4)
  2 orc high priests (Orc:2)
  A vampire mage (Depths:1)
  A wretched star (Abyss:3)
  A naga sharpshooter (Snake:2)
  3 shadow wraiths (Vaults:3)
  2 sea snakes
  2 unseen horrors
  A glowing orange brain (WizLab)
  3 deep trolls
  2 naga ritualists
  A tengu zombie (Vaults:3)
  A phantasmal warrior (Depths:3)
  2 necromancers
  An ironbrand convoker (Vaults:3)
  3 orc knights
  2 starcursed masses (WizLab)
  2 shadow dragon skeletons
  A mana viper (Snake:2)
  4 harpies
  2 salamanders (Snake:2)
  3 manticores
  A cyclops (D:14)
  A faun (Shoals:3)
  6 ugly things
  2 black mambas
  3 guardian serpents (Snake:4)
  A merfolk siren (Shoals:2)
  2 naga magi (Snake:4)
  A molten gargoyle (Volcano)
  2 centaur skeletons
  4 spiny frogs
  A komodo dragon (Lair:6)
  A hellwing (D:10)
  A yaktaur (Vaults:4)
  An ancient zyme (Abyss:3)
  5 merfolk
  A red devil (Volcano)
  A troll (Vaults:4)
  11 slime creatures
  3 snapping turtles
  6 hippogriffs
  5 blink frogs
  Sigmund (D:6)
  A ynoxinul (Orc:2)
  A spriggan (Depths:4)
  3 wraiths
  A human (D:14)
  3 water elementals
  10 yaks
  A hungry ghost (D:10)
  A fire bat (Volcano)
  A neqoxec (WizLab)
  A vampire mosquito (D:14)
  3 nagas
  An acid dragon (Vaults:2)
  A hydra simulacrum (Depths:2)
  A porcupine (Lair:3)
  4 water moccasins (Lair:2)
  A hell hound (Depths:3)
  9 orc warriors
  3 sky beasts
  3 ogres
  5 wolves
  3 centaurs
  A crocodile (Lair:3)
  2 bullfrogs
  A water moccasin zombie (D:10)
  A small abomination (Abyss:3)
  A scorpion (D:9)
  2 wights
  2 lava snakes (Volcano)
  A human simulacrum (Vaults:3)
  A centaur zombie (D:12)
  6 orc priests
  2 hounds
  7 orc wizards
  3 worker ants
  A hell rat (Lair:5)
  A worker ant zombie (D:11)
  2 gnolls (D:9)
  4 adders
  2 shadow imps (D:14)
  A white imp (Depths:4)
  An ufetubus (Abyss:3)
  An ooze (D:3)
  An adder zombie (D:9)
  11 orcs
  4 jackals
  2 quokkas
  A leopard gecko skeleton (D:5)
  A demonic plant (WizLab)
  A plant (Shoals:3)
262 creatures vanquished.

Vanquished Creatures (others)
  2 stone giants
  2 yaktaur captains
  A centaur warrior (Depths:1)
  A deep elf knight (Vaults:3)
  6 yaktaurs
  A centaur (Depths:3)
  90 hexers
  An ancestor (D:6)
  2 ufetubi (Depths:4)
  2 demonic plants (WizLab)
  47 fulminant prisms
  2 fungi (Lair:5)
  21 plants
  29 starspawn tentacles
  29 tentacles (Shoals:4)
  11 withered plants (D:10)
247 creatures vanquished.

Grand Total: 2064 creatures vanquished

Notes
Turn   | Place    | Note
-------+----------+-------------------------------------------
     0 | D:1      | RibbitCroak the Demonspawn Venom Mage began the quest for
                  | the Orb.
     0 | D:1      | Reached XP level 1. HP: 13/13 MP: 3/3
   465 | D:1      | Gained mutation: When hurt, damage is shared between your
                  | health and your magic reserves. [demonic ancestry]
   465 | D:1      | Reached XP level 2. HP: 19/19 MP: 3/5
   490 | D:1      | Learned a level 2 spell: Poisonous Vapours
   506 | D:1      | Reached skill level 1 in Armour
  1575 | D:2      | Reached XP level 3. HP: 21/24 MP: 4/6
  2151 | D:2      | Reached skill level 1 in Air Magic
  3223 | D:2      | Gained mutation: Your flesh is heat resistant. (rF+)
                  | [demonic ancestry]
  3223 | D:2      | Reached XP level 4. HP: 24/30 MP: 7/7
  4519 | D:3      | Found a shimmering altar of Xom.
  4531 | D:3      | Found a sacrificial altar of Ru.
  4533 | D:3      | Found a hazy altar of Hepliaklqana.
  4536 | D:3      | Found a stormy altar of Qazlal.
  4537 | D:3      | Found an ornate altar of the Wu Jian Council.
  4618 | D:3      | Reached skill level 2 in Armour
  4637 | D:3      | Became a worshipper of Hepliaklqana the Forgotten
  4979 | D:3      | Found a sparkling altar of Nemelex Xobeh.
  5341 | D:4      | Reached XP level 5. HP: 31/31 MP: 2/9
  5599 | D:4      | Noticed an ogre
  5616 | D:4      | Killed an ogre
  5616 | D:4      | Gained mutation: You regenerate magic rapidly. [demonic
                  | ancestry]
  5616 | D:4      | Reached XP level 6. HP: 30/36 MP: 1/11
  5739 | D:4      | Reached * piety under Hepliaklqana
  5827 | D:4      | Found Tereabol's Food Boutique.
  6148 | D:5      | Entered Level 5 of the Dungeon
  6164 | D:5      | Reached skill level 1 in Shields
  6234 | D:5      | Reached skill level 3 in Armour
  6531 | D:5      | Gained mutation: You have sharp toenails. [demonic
                  | ancestry]
  6531 | D:5      | Reached XP level 7. HP: 42/42 MP: 8/12
  7534 | D:6      | Reached skill level 1 in Fighting
  7721 | D:6      | Reached XP level 8. HP: 36/48 MP: 3/14
  7817 | D:6      | Noticed Edmund
  7835 | D:6      | Killed Edmund
  8139 | D:6      | Learned a level 3 spell: Mephitic Cloud
  8414 | D:6      | Noticed Sigmund
  8423 | D:6      | Killed Sigmund
  8423 | D:6      | Reached skill level 5 in Poison Magic
  8445 | D:6      | Reached skill level 5 in Air Magic
  8857 | D:6      | Reached skill level 4 in Armour
  9083 | D:6      | Found a shattered altar of Ashenzari.
  9085 | D:6      | Found a hide-covered altar of Uskayaw.
  9324 | D:6      | Reached ** piety under Hepliaklqana
  9325 | D:6      | Remembered your ancestor Marzanna as a hexer
  9533 | D:7      | Found an opulent altar of Gozag.
  9623 | D:7      | Reached skill level 5 in Spellcasting
  9737 | D:7      | Gained mutation: You are partially covered in yellow
                  | scales. (AC +2) [demonic ancestry]
  9737 | D:7      | Reached XP level 9. HP: 46/54 MP: 7/16
  9784 | D:7      | Learned a level 4 spell: Olgreb's Toxic Radiance
  9996 | D:7      | Found Loniytt's Distillery.
 10003 | D:7      | Bought a potion of mutation for 104 gold pieces
 10003 | D:7      | Bought a potion of heal wounds for 65 gold pieces
 10003 | D:7      | Gained mutation: You have a pair of small antennae on your
                  | head. [potion of mutation]
 10003 | D:7      | Gained mutation: You do not regenerate when monsters are
                  | visible. [potion of mutation]
 10003 | D:7      | Gained mutation: Armour fits poorly on your strangely
                  | shaped body. [potion of mutation]
 10003 | D:7      | Gained mutation: Your system is resistant to poisons.
                  | (rPois) [potion of mutation]
 10159 | D:7      | Found a staircase to the Ecumenical Temple.
 10652 | D:8      | Reached *** piety under Hepliaklqana
 11288 | D:9      | Reached skill level 5 in Armour
 11531 | D:9      | Found a staircase to the Lair.
 11584 | D:9      | Got a pair of ichor-stained gloves
 11590 | D:9      | Identified the +2 pair of gloves of Marbles {MR+} (You
                  | found it on level 9 of the Dungeon)
 11705 | D:9      | Found a snail-covered altar of Cheibriados.
 11734 | D:9      | Gained mutation: You are mostly covered in yellow scales.
                  | (AC +3) [demonic ancestry]
 11734 | D:9      | Reached XP level 10. HP: 60/60 MP: 17/19
 12035 | D:9      | Found a staircase to the Orcish Mines.
 12146 | D:10     | Entered Level 10 of the Dungeon
 12221 | D:10     | Paralysed by a hornet for 2 turns
 13226 | D:10     | Reached skill level 1 in Short Blades
 13363 | D:10     | Reached skill level 5 in Conjurations
 13895 | D:9      | Learned a level 3 spell: Stone Arrow
 13977 | D:10     | Reached skill level 6 in Armour
 14009 | D:10     | Killed an unseen horror
 14049 | D:10     | Gained mutation: You are immune to clouds of flame.
                  | [demonic ancestry]
 14049 | D:10     | Reached XP level 11. HP: 46/67 MP: 18/21
 14694 | D:11     | Reached **** piety under Hepliaklqana
 14741 | D:11     | Noticed a green ugly thing
 14754 | D:11     | Killed a cyan ugly thing
 14785 | D:11     | Noticed a white ugly thing
 14807 | D:11     | Killed a white ugly thing
 15375 | D:11     | Reached skill level 1 in Polearms
 16408 | D:12     | Found a shimmering altar of Xom.
 16437 | D:12     | Noticed a two-headed ogre
 16444 | D:12     | Killed a two-headed ogre
 16518 | D:12     | Found a shadowy altar of Dithmenos.
 16747 | D:12     | Lost mutation: You have a pair of small antennae on your
                  | head. [potion of mutation]
 16747 | D:12     | Lost mutation: Armour fits poorly on your strangely shaped
                  | body. [potion of mutation]
 16747 | D:12     | Lost mutation: You do not regenerate when monsters are
                  | visible. [potion of mutation]
 16747 | D:12     | Lost mutation: Your system is resistant to poisons. (rPois)
                  | [potion of mutation]
 16747 | D:12     | Gained mutation: Scrolls take you a little longer to read.
                  | [potion of mutation]
 16747 | D:12     | Gained mutation: You have a pair of small horns on your
                  | head. [potion of mutation]
 16747 | D:12     | Gained mutation: Your flesh is cold resistant. (rC+)
                  | [potion of mutation]
 17361 | D:13     | Reached skill level 1 in Earth Magic
 17734 | D:13     | Killed an unseen horror
 17762 | D:13     | Noticed a centaur warrior
 17777 | D:13     | Killed an unseen horror
 17838 | D:13     | Killed a centaur warrior
 17838 | D:13     | Reached skill level 7 in Armour
 17949 | D:13     | Gained mutation: You have razor-sharp toenails. [demonic
                  | ancestry]
 17949 | D:13     | Reached XP level 12. HP: 52/74 MP: 22/24
 19030 | D:13     | Noticed Frances
 19161 | D:13     | Reached ***** piety under Hepliaklqana
 19484 | D:14     | Found a gate to the Vaults.
 19484 | D:14     | Noticed Nessos
 19484 | D:14     | Noticed a two-headed ogre
 19795 | D:13     | Killed Nessos
 19853 | D:13     | Killed a two-headed ogre
 20026 | D:14     | Reached skill level 1 in Invocations
 20095 | D:14     | Reached skill level 5 in Polearms
 20111 | D:14     | Reached skill level 8 in Armour
 21023 | D:14     | Noticed a two-headed ogre
 21033 | D:14     | Killed a two-headed ogre
 21142 | D:14     | Found Nievuehe's Antique Armour Shoppe.
 21149 | D:14     | Bought a glowing scale mail for 196 gold pieces
 21286 | D:14     | Gained mutation: You have claws for feet. [demonic
                  | ancestry]
 21286 | D:14     | Reached XP level 13. HP: 81/81 MP: 26/26
 21712 | D:14     | Found Fuvofu's Book Shop.
 21750 | D:14     | Found Zysazut's Jewellery Boutique.
 22113 | D:14     | Found Tiaruaso's General Store.
 22118 | D:14     | Noticed Roxanne
 22369 | D:15     | Entered Level 15 of the Dungeon
 23065 | D:15     | Reached skill level 5 in Fighting
 23651 | Lair:1   | Entered Level 1 of the Lair of Beasts
 23807 | Lair:1   | Reached skill level 5 in Invocations
 23979 | Lair:1   | Found a dark tunnel.
 23985 | Volcano  | Entered a volcano
 24271 | Volcano  | Found a radiant altar of Vehumet.
 24294 | Volcano  | Reached skill level 10 in Spellcasting
 24704 | Volcano  | Reached skill level 9 in Armour
 26422 | Lair:2   | Lost mutation: You have a pair of small horns on your head.
                  | [potion of mutation]
 26422 | Lair:2   | Lost mutation: Your flesh is cold resistant. (rC+) [potion
                  | of mutation]
 26422 | Lair:2   | Lost mutation: Scrolls take you a little longer to read.
                  | [potion of mutation]
 26422 | Lair:2   | Gained mutation: You evolve. [potion of mutation]
 26422 | Lair:2   | Gained mutation: You rapidly evolve. [potion of mutation]
 26422 | Lair:2   | Gained mutation: You are robust. (+10% HP) [potion of
                  | mutation]
 26428 | Lair:2   | Found a staircase to the Snake Pit.
 26591 | Lair:2   | Gained mutation: You passively map a small area around you.
                  | [evolution]
 26795 | Lair:2   | Found a staircase to the Shoals.
 27279 | Lair:3   | Reached XP level 14. HP: 101/101 MP: 28/28
 27314 | Lair:3   | Reached ****** piety under Hepliaklqana
 29543 | Lair:5   | Reached skill level 10 in Armour
 29583 | Lair:5   | Identified the Volume of Black Secrets and the Compass
 29595 | Lair:5   | Learned a level 3 spell: Vampiric Draining
 29800 | Lair:5   | Reached skill level 1 in Necromancy
 30338 | Lair:5   | Found a transporter.
 30340 | Lair:5   | Identified the +3 quarterstaff of Feuclem {chaos, MR+
                  | Dex+4}
 30341 | Lair:5   | Identified the +4 trident "Luokhloot" {antimagic, rN+ Int+2
                  | Dex-4}
 30359 | Lair:5   | Noticed jazmu's ghost (journeyman GrSk)
 30362 | Lair:5   | Found a bloodstained altar of Trog.
 30379 | Lair:5   | Found a transporter.
 30450 | Lair:5   | Gained mutation: You do not regenerate when monsters are
                  | visible. [evolution]
 30829 | Lair:6   | Entered Level 6 of the Lair of Beasts
 31803 | Lair:6   | Found a staircase to the Slime Pits.
 32191 | Lair:6   | Noticed Snorg
 32200 | Lair:6   | Killed Snorg
 32711 | Lair:6   | Reached XP level 15. HP: 94/112 MP: 5/29
 32852 | Lair:6   | Reached skill level 11 in Armour
 32913 | Lair:6   | Reached skill level 10 in Polearms
 33402 | Orc:1    | Entered Level 1 of the Orcish Mines
 33796 | Orc:1    | Noticed Josephine
 33819 | Orc:1    | Killed Josephine
 34292 | Orc:1    | Found Sarisoid's Armour Emporium.
 34477 | Orc:2    | Entered Level 2 of the Orcish Mines
 34765 | Orc:2    | Found a staircase to the Elven Halls.
 35480 | Orc:2    | Found Ipnewn's Food Emporium.
 35482 | Orc:2    | Found Payfuju's Magic Scroll Shoppe.
 36805 | Orc:2    | Reached skill level 5 in Necromancy
 36875 | Orc:2    | Reached skill level 10 in Fighting
 37225 | Orc:2    | Found Ikumaan's Antique Weapon Boutique.
 37225 | Orc:2    | Found Pocupp's Book Shop.
 37225 | Orc:2    | Found a one-way gate leading to the halls of Pandemonium.
 37399 | Orc:2    | Bought a book of Cantrips for 280 gold pieces
 37401 | Orc:2    | Learned a level 1 spell: Confusing Touch
 37404 | Orc:2    | Learned a level 2 spell: Corpse Rot
 37724 | Shoals:1 | Entered Level 1 of the Shoals
 38345 | Shoals:1 | Reached skill level 1 in Hexes
 39009 | Shoals:1 | Gained mutation: You have a pair of small antennae on your
                  | head. [evolution]
 39049 | Shoals:2 | Found a runed translucent gate.
 39440 | Shoals:2 | Noticed a frost giant
 39460 | Shoals:2 | Killed a frost giant
 39540 | Shoals:2 | Found a runed translucent gate.
 40236 | Shoals:2 | Noticed Kamoq's ghost (journeyman GnMo)
 40238 | Shoals:2 | Found a runed translucent gate.
 40238 | Shoals:2 | Found an opulent altar of Gozag.
 40473 | Shoals:2 | Gained mutation: You are completely covered in yellow
                  | scales. (AC +4, rCorr) [demonic ancestry]
 40473 | Shoals:2 | Reached XP level 16. HP: 112/123 MP: 7/30
 41355 | Shoals:3 | Noticed Ilsuiw
 41393 | Shoals:2 | Killed Ilsuiw
 41955 | Shoals:3 | Reached skill level 12 in Armour
 43316 | Shoals:2 | Found Wiorykk's Assorted Antiques.
 44463 | Shoals:3 | Found Zeoqoc's Weapon Shoppe.
 44843 | Shoals:3 | Reached XP level 17. HP: 128/131 MP: 32/32
 44857 | Shoals:3 | Gained mutation: You are agile. (Dex +2) [evolution]
 46016 | D:14     | Bought the brooch of Shielding {Reflect SH+8} for 1700 gold
                  | pieces
 46016 | D:14     | Found the brooch of Shielding {Reflect SH+8}
 46022 | D:14     | Learned a level 4 spell: Fulminant Prism
 46230 | D:15     | Got a distressingly furry plate armour
 46244 | D:15     | Identified the +10 plate armour of Life {MP+9} (You found
                  | it on level 15 of the Dungeon)
 47088 | D:15     | Found a staircase to the Depths.
 47546 | Elf:1    | Entered Level 1 of the Elven Halls
 47795 | Shoals:4 | Entered Level 4 of the Shoals
 47926 | Shoals:4 | Learned a level 1 spell: Apportation
 48533 | Shoals:4 | Cast into level 3 of the Abyss (merfolk impaler)
 48541 | Abyss:3  | Found a corrupted altar of Lugonu.
 48571 | Abyss:3  | Found a corrupted altar of Lugonu.
 48775 | Abyss:3  | Lost mutation: You do not regenerate when monsters are
                  | visible. [evolution]
 49470 | Abyss:3  | Noticed a lich
 49497 | Abyss:3  | Killed a lich
 49499 | Shoals:4 | Escaped the Abyss
 49503 | Shoals:4 | Reached XP level 18. HP: 63/138 MP: 14/30
 50086 | Orc:2    | Bought a book of Necromancy for 420 gold pieces
 50090 | Orc:2    | Learned a level 3 spell: Regeneration
 50095 | Orc:2    | Learned a level 4 spell: Animate Dead
 51904 | Shoals:4 | Got a barnacled rune of Zot
 53432 | Vaults:1 | Entered Level 1 of the Vaults
 53459 | Vaults:1 | Reached skill level 1 in Charms
 54374 | Vaults:1 | Learned a level 2 spell: Swiftness
 54519 | Vaults:1 | Gained mutation: You can translocate small distances at
                  | will. [evolution]
 54905 | Vaults:2 | Reached skill level 13 in Armour
 55628 | Vaults:2 | Found a staircase to the Crypt.
 56468 | Vaults:3 | Reached skill level 5 in Shields
 56716 | Vaults:3 | Reached XP level 19. HP: 85/149 MP: 23/35
 57076 | Vaults:3 | Noticed a lich
 57121 | Vaults:2 | Killed a lich
 57264 | Vaults:2 | Gained mutation: Your muscles are strong. (Str +2)
                  | [evolution]
 57982 | Vaults:3 | Identified the +6 arbalest "Amolyfil" {venom, MR+ Int+2}
 58251 | Vaults:3 | Found Ciattize's Weapon Shoppe.
 59204 | Vaults:4 | Reached skill level 10 in Shields
 60494 | Vaults:4 | Reached skill level 14 in Armour
 61293 | Vaults:4 | Gained mutation: Your demonic aura causes spilled blood to
                  | erupt in flames. [demonic ancestry]
 61293 | Vaults:4 | Reached XP level 20. HP: 156/156 MP: 36/36
 62143 | Snake:1  | Entered Level 1 of the Snake Pit
 62143 | Snake:1  | Noticed Aizul
 62153 | Snake:1  | Killed Aizul
 62456 | Snake:1  | Got a crystal hunting sling
 62518 | Snake:1  | Found Magug's Distillery.
 62524 | Snake:1  | Identified the +2 hunting sling of Anxiety {freeze, rPois}
                  | (You found it on level 1 of the Snake Pit)
 62575 | Snake:1  | Bought a potion of heal wounds for 75 gold pieces
 62575 | Snake:1  | Bought a potion of heal wounds for 75 gold pieces
 63252 | Snake:2  | Gained mutation: You have sharp fingernails. [evolution]
 63478 | Snake:3  | Noticed Louise
 63487 | Snake:3  | Killed Louise
 63764 | Snake:3  | Noticed Vashnia
 63822 | Snake:3  | Killed Vashnia
 64843 | Snake:4  | Entered Level 4 of the Snake Pit
 65641 | Snake:4  | Reached skill level 15 in Armour
 66100 | Snake:4  | Reached skill level 15 in Shields
 66130 | Snake:4  | Mutation became permanent: You are robust. (+10% HP)
                  | [demonic ancestry]
 66130 | Snake:4  | Gained mutation: You are robust. (+10% HP) [demonic
                  | ancestry]
 66130 | Snake:4  | Reached XP level 21. HP: 118/162 MP: 37/37
 66350 | Snake:4  | Got a serpentine rune of Zot
 66359 | Snake:4  | Gained mutation: Your mind is acute. (Int +2) [evolution]
 66705 | Depths:1 | Entered Level 1 of the Depths
 66889 | Depths:1 | Found a gateway to a ziggurat.
 66989 | Depths:1 | Reached skill level 16 in Armour
 67199 | Depths:1 | Found a gateway to Hell.
 67564 | Depths:1 | Paralysed by a floating eye for 3 turns
 67883 | Depths:2 | Found a magical portal.
 67893 | WizLab   | Entered Lehudib's Moon Base
 67907 | WizLab   | Learned a level 2 spell: Passwall
 67953 | WizLab   | Found a transporter.
 67955 | WizLab   | Reached skill level 1 in Transmutations
 68051 | WizLab   | Reached skill level 17 in Armour
 68453 | WizLab   | Reached skill level 5 in Earth Magic
 69410 | WizLab   | Learned a level 5 spell: Borgnjor's Vile Clutch
 70271 | WizLab   | Got a transparent sapphire amulet
 70272 | WizLab   | Identified the amulet of Hanly {Reflect Int+3 SH+3} (You
                  | found it in a wizard's laboratory)
 70462 | WizLab   | Gained mutation: Your muscles are very strong. (Str +4)
                  | [evolution]
 70764 | WizLab   | Found a transporter.
 71041 | WizLab   | Identified Lehudib's Volume of the Shifting Rocks
 71435 | Depths:2 | Noticed Asterion
 71436 | Depths:2 | Gained mutation: You are very robust. (+20% HP) [demonic
                  | ancestry]
 71436 | Depths:2 | Reached XP level 22. HP: 158/185 MP: 33/38
 71472 | Depths:2 | Killed Asterion
 72279 | Depths:2 | Found the +3 sling "Punk" {acid, rCorr}
 72279 | Depths:2 | Noticed a juggernaut
 72300 | Depths:2 | Killed a juggernaut
 72863 | D:14     | Killed Roxanne
 72888 | D:14     | Learned a level 6 spell: Statue Form
 75571 | Depths:3 | Reached skill level 1 in Slings
 75575 | Depths:3 | Reached skill level 18 in Armour
 75633 | Depths:3 | Found a radiant altar of Vehumet.
 75635 | Depths:3 | Identified the +0 faerie dragon scales {rF++ rCorr Str+4}
 75635 | Depths:3 | Noticed the Enchantress
 75665 | Depths:3 | Killed the Enchantress
 75794 | Depths:3 | Got a smoking brass ring
 75796 | Depths:3 | Identified the ring of Curiosity {MR+ Int+3 Dex-4 Slay+2}
                  | (You found it on level 3 of the Depths)
 76007 | Depths:3 | Reached skill level 10 in Necromancy
 76502 | Depths:3 | Reached skill level 5 in Slings
 76504 | Depths:3 | Found a one-way gate to the infinite horrors of the Abyss.
 76813 | Depths:3 | Found Zibicse's Antique Weapon Boutique.
 77243 | D:14     | Identified a scroll of acquirement
 78186 | Depths:4 | Gained mutation: You are extremely robust. (+30% HP)
                  | [demonic ancestry]
 78186 | Depths:4 | Reached XP level 23. HP: 188/212 MP: 39/39
 79102 | Depths:5 | Entered Level 5 of the Depths
 79387 | Depths:5 | Killed from afar by a storm dragon

Skill      XL: |  1  2  3  4  5  6  7  8  9 10 11 12 13 14 15 16 17 18 19 20 21 22 23 |
---------------+----------------------------------------------------------------------+-----
Armour         | 1 2 3 4 5 6 7 8 9 10 11 12 13 14 15 17 18 | 18.2
Air Magic      | 1 2 3 4 5 7 8 |  8.5
Spellcasting   | 3 4 5 6 7 8 9 10 11 12 | 12.0
Poison Magic   | 4 5 6 7 8 9 |  9.1
Shields        | 1 2 3 4 5 12 15 | 15.0
Fighting       | 1 2 3 4 6 8 10 11 13 14 | 14.2
Conjurations   | 2 4 5 6 7 8 |  8.0
Short Blades   | 1 2 |  2.0
Polearms       | 3 5 7 9 11 13 14 | 14.0
Earth Magic    | 2 4 6 7 8 |  8.3
Invocations    | 2 6 9 |  9.0
Necromancy     | 3 5 6 8 10 11 | 11.1
Hexes          | 2 4 |  4.3
Charms         | 4 |  4.0
Transmutations | 3 |  3.0
Slings         | 7 8 |  8.0
Dodging        | 2 |  2.1
Stealth        | |  1.7
Evocations     | |  0.1

Action                   |  1- 3 |  4- 6 |  7- 9 | 10-12 | 13-15 | 16-18 | 19-21 | 22-24 || total
-------------------------+-------+-------+-------+-------+-------+-------+-------+-------++-------
Melee: Unarmed           |    10 |       |       |       |       |       |       |       ||    10
       Club              |   146 |    68 |       |       |       |       |       |       ||   214
       Mace              |       |    53 |   165 |       |       |       |       |       ||   218
       Kick              |       |       |    35 |    40 |   198 |   326 |   662 |   167 ||  1428
       Dagger            |       |       |    10 |   219 |     4 |       |       |       ||   233
       Trident           |       |       |       |   393 |  1028 |  1223 |  1634 |   369 ||  4647
       Headbutt          |       |       |       |    53 |    35 |       |       |       ||    88
       Flail             |       |       |       |    10 |       |       |       |       ||    10
       Demon trident     |       |       |       |       |       |       |   318 |   180 ||   498
 Fire: Fustibalus        |       |       |       |       |       |       |       |   226 ||   226
Throw: Javelin           |       |       |     9 |     1 |     2 |     3 |     5 |       ||    20
 Cast: Sting             |    29 |     6 |     3 |       |       |       |       |       ||    38
       Poisonous Vapours |    12 |    40 |   109 |    91 |   255 |   364 |    64 |     7 ||   942
       Olgreb's Toxic Ra |       |       |     8 |    64 |   202 |   142 |    57 |    17 ||   490
       Stone Arrow       |       |       |       |    12 |    22 |     7 |       |       ||    41
       Vampiric Draining |       |       |       |       |     3 |       |       |       ||     3
       Mephitic Cloud    |       |       |       |       |     1 |       |     2 |       ||     3
       Confusing Touch   |       |       |       |       |       |    12 |    15 |     1 ||    28
       Fulminant Prism   |       |       |       |       |       |    31 |    18 |     1 ||    50
       Regeneration      |       |       |       |       |       |    12 |    45 |    11 ||    68
       Animate Dead      |       |       |       |       |       |     2 |     3 |       ||     5
       Swiftness         |       |       |       |       |       |       |     1 |     1 ||     2
       Borgnjor's Vile C |       |       |       |       |       |       |       |     1 ||     1
Invok: Recall Ancestor   |       |       |     3 |     1 |     4 |     7 |     1 |       ||    16
       Ancestor Life: He |       |       |     1 |       |       |       |       |       ||     1
       Idealise          |       |       |       |       |     2 |       |     5 |       ||     7
Evoke: Wand              |       |       |       |     4 |    18 |     4 |     5 |       ||    31
       Box of beasts     |       |       |       |       |     2 |     1 |     1 |       ||     4
       Phantom mirror    |       |       |       |       |     1 |       |       |       ||     1
  Use: Scroll            |       |       |    17 |     4 |    26 |     8 |    15 |     7 ||    77
       Potion            |       |       |     1 |     2 |     8 |    10 |     8 |     3 ||    32
 Stab: Sleeping          |     1 |     2 |     5 |    12 |     3 |       |       |       ||    23
       Distracted        |       |     1 |     3 |     8 |    10 |    19 |    20 |     5 ||    66
       Confused          |       |       |       |     8 |    13 |    21 |    79 |    30 ||   151
       Petrified         |       |       |       |       |     2 |       |       |       ||     2
       Paralysed         |       |       |       |       |    14 |    72 |    61 |    13 ||   160
  Eat: Chunk             |     9 |    12 |    21 |    25 |    57 |    28 |    27 |    14 ||   193
       Ration            |       |       |       |     5 |     7 |    11 |     8 |     4 ||    35
Armor: Robe              |    12 |       |       |       |       |       |       |       ||    12
       Leather armour    |    87 |    43 |    56 |   204 |       |       |       |       ||   390
       Scale mail        |       |       |       |     4 |   390 |   283 |    86 |    64 ||   827
       Plate armour      |       |       |       |       |       |    54 |   306 |    24 ||   384
Dodge: Dodged            |   164 |    88 |    96 |   286 |   306 |   234 |   157 |    58 ||  1389
Block: Buckler           |       |    21 |    33 |   105 |   142 |   387 |       |       ||   688
       Reflection        |       |       |       |       |       |    31 |   121 |    31 ||   183
       Shield            |       |       |       |       |       |    59 |   937 |   285 ||  1281
